 Dungeon Crawl Stone Soup version 0.28-a0-796-gd4f0d3f9b2 (webtiles) character file.

Game seed: 2320858190973867223

616 nkrflw the Vexing (level 7, -1/32 HPs)
             Began as a Spriggan Enchanter on Nov 6, 2021.
             Slain by a sky beast (5 damage)
             ... on level 5 of the Dungeon.
             The game lasted 00:10:19 (7138 turns).

nkrflw the Vexing (Spriggan Enchanter)              Turns: 7138, Time: 00:10:20

Health: -1/32      AC:  2    Str:  6    XL:     7   Next: 21%
Magic:  12/17      EV: 17    Int: 17    God:
Gold:   97         SH:  0    Dex: 15    Spells: 11/19 levels left

rFire   + . .      SeeInvis +   a - +3 dagger
rCold   + . .      Faith    .   (shield restricted)
rNeg    . . .      Spirit   .   b - +0 robe
rPois   +          Reflect  .   (helmet restricted)
rElec   +          Harm     .   (no cloak)
rCorr   +          Rampage  .   (gloves unavailable)
Will    +....                   (boots unavailable)
Stlth   +++.......              (no amulet)
HPRegen 0.10/turn               (no ring)
MPRegen 0.15/turn               (no ring)

@: resistant, very quick
A: very small, no large weapons, unfitting armour, see invisible, speed 3
a: no special abilities


You were on level 5 of the Dungeon.
You visited 1 branch of the dungeon, and saw 5 of its levels.

You collected 172 gold pieces.
You spent 75 gold pieces at shops.

Inventory:

Hand Weapons
 a - a +3 dagger (weapon)
Armour
 b - a +0 robe (worn)
Wands
 f - a wand of digging (7)
 g - a wand of polymorph (6)
 l - a wand of acid (9)
Scrolls
 h - a scroll of teleportation
 k - a scroll of fog
Potions
 d - a potion of magic
 e - a potion of cancellation
 j - a potion of flight


   Skills:
 - Level 1.1 Short Blades
 - Level 2.6 Dodging
 + Level 6.4 Stealth
 + Level 6.6 Spellcasting
 + Level 7.1 Hexes


You had 11 spell levels left.
You knew the following spells:

 Your Spells              Type           Power      Damage    Failure   Level
a - Ensorcelled Hibernat  Hex/Ice        34%        N/A       4%          2
b - Tukima's Dance        Hex            29%        N/A       1%          3
c - Dazzling Flash        Conj/Hex       34%        N/A       9%          3

Your spell library contained the following spells:

 Spells                   Type           Power      Damage    Failure   Level
 Confusing Touch          Hex            29%        N/A       1%          3


Dungeon Overview and Level Annotations

Branches:
Dungeon (5/15)
 Temple: D:4-7

Altars:
Hepliaklqana
Okawaru
Vehumet

Shops:
D:3 *

Annotations:
D:5 Dowan


Innate Abilities, Weirdness & Mutations

You are very small and have problems with some larger weapons.
You are too small for most types of armour.
You have supernaturally acute eyesight. (SInv)
You cover ground extremely quickly. (Speed+++)


Message History

The sky beast misses you.
You closely miss the sky beast.
The sky beast is almost dead.
The sky beast hits you. The sky beast shocks you.
You are too injured to fight recklessly!
You are too injured to fight recklessly!
The sky beast flickers out of sight for a moment.
Casting: Ensorcelled Hibernation (safe; 4% risk of failure)
Confirm with . or Enter, or press ? or * to list all spells.
The spell is quite dangerous to cast (9% risk of failure)!
Continue anyway?
Okay, then.
Casting: Dazzling Flash (quite dangerous; 9% risk of failure)
Confirm with . or Enter, or press ? or * to list all spells.
The spell is quite dangerous to cast (9% risk of failure)!
Continue anyway?
Casting: Dazzling Flash (quite dangerous; 9% risk of failure)
Press: ? - help, Dir - look around, f - activate The sky beast is dazzled.
The adder is dazzled.
The sky beast completely misses you.
You hit the sky beast.
The sky beast is almost dead.
The sky beast hits you. The sky beast shocks you.
* * * LOW HITPOINT WARNING * * *
Unknown command.
You feel better. The sky beast barely misses you.
You barely miss the sky beast.
The sky beast is almost dead.
The sky beast hits you.
* * * LOW HITPOINT WARNING * * *
The sky beast shocks you.
* * * LOW HITPOINT WARNING * * *
Unknown command.
You feel better.
The sky beast flickers out of sight for a moment.
The sky beast hits you.
* * * LOW HITPOINT WARNING * * *
The sky beast shocks you.
* * * LOW HITPOINT WARNING * * *
You feel protected.
The sky beast is no longer blind.
The sky beast hits you.
You die...

...................# #
.............##.....## #
............. ......### #
............# #..$....### #
...........# #.........## #
...........# #..........## #
...........## #..........### ##
#............####............###≈
###"......##..SY@.............##≈
###†..#####..##...............#≈
##.).### #.. ####............#♣
...### #... ####.........#.
...##### #... ###.......#♣
.......## ##.. ##......##
........# #.. ##......#
........## ##. ##......
.........# ###....


You could see a sky beast (invisible) and an adder (blind).

Vanquished Creatures
  A boggart (D:5)
  An ogre (D:5)
  A centaur zombie (D:4)
  A centaur skeleton (D:4)
  A bullfrog skeleton (D:3)
  An iguana (D:5)
  Robin (D:2)
  3 adders
  7 gnolls
  A white imp (D:5)
  An ufetubus (D:5)
  A dart slug (D:4)
  An orc (D:2)
  5 endoplasms
  2 giant cockroaches
  16 goblins
  10 hobgoblins
  2 quokkas (D:1)
  6 ball pythons
  4 frilled lizards
  7 kobolds
  5 rats
78 creatures vanquished.

Vanquished Creatures (collateral kills)
  Sigmund (D:3)
  A gnoll (D:3)
2 creatures vanquished.

Vanquished Creatures (others)
  4 dancing weapons
4 creatures vanquished.

Grand Total: 84 creatures vanquished

Notes
Turn   | Place    | Note
-------+----------+-------------------------------------------
     0 | D:1      | nkrflw the Spriggan Enchanter began the quest for the Orb.
     0 | D:1      | Reached XP level 1. HP: 9/9 MP: 5/5
   431 | D:1      | Reached skill level 4 in Hexes
   652 | D:1      | Reached XP level 2. HP: 8/13 MP: 7/7
   655 | D:1      | Learned a level 2 spell: Ensorcelled Hibernation
  1721 | D:2      | Reached XP level 3. HP: 16/16 MP: 6/9
  1762 | D:2      | Learned a level 3 spell: Tukima's Dance
  1766 | D:2      | Learned a level 3 spell: Dazzling Flash
  1805 | D:2      | Found a faded altar of an unknown god.
  2341 | D:3      | Noticed Robin
  2470 | D:2      | Killed Robin
  2737 | D:2      | Reached XP level 4. HP: 12/21 MP: 11/11
  2891 | D:3      | Reached skill level 5 in Hexes
  3136 | D:3      | Noticed Sigmund
  3180 | D:3      | HP: 1/21 [Sigmund/puff of flame (12)]
  3181 | D:3      | Killed Sigmund
  3182 | D:3      | Reached skill level 5 in Spellcasting
  3182 | D:3      | Reached skill level 6 in Hexes
  3182 | D:3      | Reached XP level 5. HP: 1/24 MP: 1/14
  3956 | D:2      | Reached XP level 6. HP: 13/28 MP: 10/15
  4292 | D:3      | Found Wonuf's General Store.
  4300 | D:3      | Bought a scroll of enchant weapon for 75 gold pieces
  4392 | D:4      | Reached skill level 5 in Stealth
  5123 | D:4      | Found an iron altar of Okawaru.
  5124 | D:4      | Found a radiant altar of Vehumet.
  5683 | D:5      | Entered Level 5 of the Dungeon
  6120 | D:5      | Noticed Duvessa
  6122 | D:5      | Noticed Dowan
  6146 | D:5      | Noticed Duvessa
  6146 | D:5      | Duvessa changed into Duvessa the boggart
  6150 | D:5      | Killed Duvessa the boggart
  6457 | D:5      | Reached skill level 7 in Hexes
  6457 | D:5      | Reached XP level 7. HP: 32/32 MP: 4/17
  7086 | D:5      | Found a hazy altar of Hepliaklqana.
  7138 | D:5      | Slain by a sky beast

Illustrated notes

Levels and vault maps discovered:
D:1:      arrival_zaba_pyramid, layout_basic
D:2:      layout_basic, shapermc_ecumenical_altar_pompeii
D:3:      layout_rooms, serial_shops, nicolae_lakefront_shop, uniq_robin,
          uniq_sigmund
D:4:      layout_layer_cave, chequers_temple_overflow_statue_of_worship,
          dk_vineyard_2
D:5:      layout_cave_pods, worldfamousw_hep_ancestral_shrine, minmay_holes,
          uniq_duvessa

Skill      XL: |  1  2  3  4  5  6 |
---------------+-------------------+-----
Spellcasting   | 3 4 5 6 |  6.6
Hexes          | 4 6 7 |  7.1
Stealth        | 6 |  6.4
Short Blades   | |  1.1
Dodging        | |  2.6

Action                   |  1- 3 |  4- 6 |  7- 9 || total
-------------------------+-------+-------+-------++-------
Melee: Dagger            |   126 |   137 |    26 ||   289
 Cast: Ensorcelled Hiber |    10 |    20 |     8 ||    38
       Tukima's Dance    |       |    16 |     3 ||    19
       Dazzling Flash    |       |     4 |     2 ||     6
Evoke: Wand              |       |     1 |       ||     1
  Use: Scroll            |     3 |     6 |     2 ||    11
       Potion            |     4 |     4 |     3 ||    11
 Stab: Sleeping          |    13 |    16 |     4 ||    33
       Invisible         |     1 |       |       ||     1
Armor: Robe              |    12 |    11 |     3 ||    26
       Skin              |       |     9 |       ||     9
Dodge: Dodged            |    92 |   141 |    40 ||   273

Table legend: (Time is in decaauts)
 A = Elapsed time spent in this place.
 B = Non-inter-level travel time spent in this place.
 C = Inter-level travel time spent in this place.
 D = Time resting spent in this place.
 E = Time spent auto-exploring this place.
 F = Levels seen in this place.
 G = Mean time per level.
                   A        B        C        D        E       F      G
               +--------+--------+--------+--------+--------+-----+--------+
         Total |   5926 |   5873 |     53 |   1909 |   3173 |   5 | 1185.2 |
       Dungeon |   5926 |   5873 |     53 |   1909 |   3173 |   5 | 1185.2 |
               +--------+--------+--------+--------+--------+-----+--------+

Top non-repeatable levels by time:
     D:2: 1801 daAuts
     D:1: 1393 daAuts
     D:4: 1077 daAuts
     D:5: 1051 daAuts
     D:3: 602 daAuts
